Map: Jardín de sombras

Players

MrFercho

  • Race: Zerg Zerg
  • League: Gold
  • Spawn Location: 1:00

TATORREA - Winner!

  • Race: Protoss Protoss
  • League: Gold
  • Spawn Location: 7:00

tigro

  • Race: Terran Terran
  • League: Bronze
  • Spawn Location: 1:00

VOD

Have the link to the VOD?

Description

Time

  • Played on: July 28, 2020, 8:34 p.m.
  • Length: 2:21
Show
View Real Time Build Order
Export as new Build Order

MrFercho Zerg 

Build Orders: Pool Only 

Get SALT Encoding   

  12  0:19  Spawning Pool  
  11  0:24  Drone  
  11  0:27  Drone  
  13  0:31  Drone  
  14  0:41  Overlord  
  14  1:06  Zergling x4  
  16  1:15  Zergling x2  
  17  1:22  Drone  
  18  1:28  Drone  
  18  1:30  Queen  
  21  1:46  Zergling x2  
Show
View Real Time Build Order
Export as new Build Order

TATORREA Protoss - Winner!

Build Orders:  

Get SALT Encoding   

  12  0:04  Probe  
  13  0:16  Probe  
  14  0:22  Pylon  
  14  0:29  Probe  
  15  0:41  Probe  
  16  0:49  Gateway  
  16  0:57  Assimilator, Probe  
  17  1:02  Pylon  
  17  1:09  Probe (Chrono Boost)  
  19  1:19  Probe (Chrono Boost)  
  19  1:24  Probe (Chrono Boost)  
  19  1:27  Gateway  
  20  1:35  Probe  
  21  1:44  Cybernetics Core  
  21  1:47  Probe  
  21  1:51  Gateway  
  22  1:58  Assimilator  
  22  2:19  Pylon  
Show
View Real Time Build Order
Export as new Build Order

tigro Terran 

Build Orders:  

Get SALT Encoding   

  12  0:15  SCV  
  12  0:18  Supply Depot  
  13  0:29  SCV, Refinery  
  14  0:41  SCV  
  15  0:51  Barracks  
  15  0:53  SCV  
  16  1:05  SCV  
  17  1:17  SCV  
  18  1:29  SCV  
  19  1:41  Marine  
  13  1:58  Marine  
  13  1:59  Factory  
Tags
 
Add a new tag
Caveats
  • Supply blocks, unpowered buildings, or Contaminate may cause inaccurate times.
  • Supply counts are checked every 10 seconds.